 Dungeon Crawl Stone Soup version 0.25-a0-1113-g0499d652a8 (webtiles) character file.

Game seed: 9451181738729507176, levelgen mode: classic

24 Amnesiac the Ogre Mage (level 3, -3/46 HPs)
             Began as an Ogre Wizard on May 16, 2020.
             Killed from afar by Sigmund (7 damage)
             ... with a magic dart
             ... on level 2 of the Dungeon.
             The game lasted 00:03:09 (912 turns).

Amnesiac the Ogre Mage (Ogre Wizard)                 Turns: 912, Time: 00:03:09

Health: -3/46      AC: 21    Str: 12    XL:     3   Next: 2%
Magic:  1/8        EV:  1    Int: 19    God:
Gold:   43         SH:  0    Dex:  7    Spells: 9/10 levels left

rFire    . . .     SeeInvis .   f - +0 short sword
rCold    . . .     Gourm    .   (no shield)
rNeg     + + +     Faith    .   (armour currently unavailable)
rPois    +         Spirit   .   (helmet currently unavailable)
rElec    .         Reflect  .   (cloak currently unavailable)
rCorr    .         Harm     .   (gloves unavailable)
MR       .....     NoTele   +   (boots unavailable)
Stlth    +.........             (no amulet)
HPRegen  0.15/turn              (no ring)
MPRegen  0.11/turn              (no ring)

@: confused, tree-form (expiring), very slightly contaminated, invisible
A: large, unfitting armour
a: no special abilities


You were on level 2 of the Dungeon.
You were not hungry.
You were a tree.
You visited 1 branch of the dungeon, and saw 2 of its levels.

You collected 43 gold pieces.

Inventory:

Hand Weapons
 f - a +0 short sword (weapon)
Missiles
 i - 7 poisoned darts (quivered)
 m - 6 silver javelins
Armour
 a - a +0 robe (melded)
 b - a +0 hat (melded)
Jewellery
 k - a cursed -4 ring of strength {unknown}
Scrolls
 e - a scroll of identify {!r}
 h - 2 scrolls of remove curse {!r}
Comestibles
 d - 2 rations
 n - 3 chunks of flesh


   Skills:
 - Level 2.0 Dodging
 + Level 1.7 Stealth
 - Level 4.0 Spellcasting
 * Level 1.7 Conjurations
   Level 0.8 Summonings
   Level 0.8 Translocations


You had 9 spell levels left.
You knew the following spells:

 Your Spells              Type           Power        Failure   Level  Hunger
a - Magic Dart            Conj           ##..         7%          1    None

Your spell library contained the following spells:

 Spells                   Type           Power        Failure   Level  Hunger
 Blink                    Tloc           N/A          14%         2    ##.....
 Call Imp                 Summ           #.......     14%         2    ##.....
 Slow                     Hex            #.......     21%         2    ##.....
 Conjure Flame            Conj/Fire      #.......     28%         3    ###....
 Mephitic Cloud           Conj/Pois/Air  #.......     32%         3    ###....


Dungeon Overview and Level Annotations

Branches:
Dungeon (2/15)

Altars:
Sif Muna
Uskayaw

Annotations:
D:2 Sigmund


Innate Abilities, Weirdness & Mutations

You are too large for most types of armour.
((You have tough skin. (AC +1)))


Message History

Confirm with . or Enter, or press ? or * to list all spells.
Aiming: Magic Dart (safe; 7% risk of failure)
Press: ? - help, Shift-Dir - straight line You feel a surge of power!
The magic dart hits something but does no damage.
Something hits you but does no damage.
You hit something but do no damage. You miss something.
You hear some strange, mumbled words.
A puff of flame appears from out of thin air!
You cannot move.
You cannot move.
You cannot move.
A magic dart appears from out of thin air!
The magic dart hits you but does no damage.
You cannot move.
Sigmund appears from thin air!
Reactivating autopickup.
Sigmund screams, "Don't try to resist!"
Sigmund hits you but does no damage.
Unknown command.
Unknown command.
Unknown command.
Sigmund hits you but does no damage.
Unknown command.
Unknown command.
Sigmund hits you from afar with a +0 scythe.
* * * LOW HITPOINT WARNING * * *
Unknown command.
Unknown command.
Casting: Magic Dart (safe; 7% risk of failure)
Confirm with . or Enter, or press ? or * to list all spells.
Aiming: Magic Dart (safe; 7% risk of failure)
Press: ? - help, Shift-Dir - straight line, f - Sigmund
Aim: Sigmund, wielding a +0 scythe and wearing a +2 robe of fire resistance (moderately wounded)
You feel a surge of power!
The magic dart hits Sigmund but does no damage.
Sigmund is moderately wounded.
Unknown command.
Casting: Magic Dart (safe; 7% risk of failure)
Confirm with . or Enter, or press ? or * to list all spells.
You don't have enough magic to cast that spell.
Sigmund hits you but does no damage.
Okay, then.
Your transformation is almost over.
Sigmund hits you but does no damage.
You feel a little less clever now.
You cannot move.
You cannot move.
Sigmund points at you and mumbles some strange words.
You are confused.
Unknown command.
Sigmund hits you but does no damage.
Unknown command.
You cannot move. (Use ctrl+direction or * direction to attack without moving.) Unknown command.
Sigmund hits you from afar with a +0 scythe.
* * * LOW HITPOINT WARNING * * *
Unknown command.
You cannot move. (Use ctrl+direction or * direction to attack without moving.) Unknown command.
Sigmund casts a spell at you. The magic dart hits you!
You die...

#.# #.#
#⌠_.'.. #.#
#.# #⌠_.'..
#.#
#.#####P##.
#.# #..#
##### #.#
##.# #....
#.# #.#
#.... #.#
#.# #....
#.# #.#
#.... #♣#
#.####....
#.#
#....(..##
#@#
######.##
#.# #.# #.#
#.# #.# #.#
#.# #.# #.#
#.# #.# #.#


You could see Sigmund.

Vanquished Creatures
  An ooze (D:1)
  2 bats
  A goblin (D:1)
  3 hobgoblins
  4 frilled lizards
  7 kobolds (D:1)
  5 rats
23 creatures vanquished.

Notes
Turn   | Place    | Note
-------+----------+-------------------------------------------
     0 | D:1      | Amnesiac the Ogre Wizard began the quest for the Orb.
     0 | D:1      | Reached XP level 1. HP: 16/16 MP: 5/5
     8 | D:1      | Noticed a minotaur zombie
    76 | D:1      | Reached skill level 1 in Conjurations
   225 | D:1      | Reached XP level 2. HP: 14/24 MP: 6/6
   602 | D:1      | Reached skill level 4 in Spellcasting
   712 | D:2      | Found a shimmering blue altar of Sif Muna.
   712 | D:2      | Found a hide-covered altar of Uskayaw.
   770 | D:2      | Reached XP level 3. HP: 27/31 MP: 8/8
   833 | D:2      | Noticed Sigmund
   912 | D:2      | Killed from afar by Sigmund

Illustrated notes

Levels and vault maps discovered:
D:1:      shiori_arrival_whats_in_store_for_you, layout_basic
D:2:      layout_loops_ring, gammafunk_temple_overflow_wave,
          lemuel_doored_altar, lemuel_coloured_pillars_altar, uniq_jessica,
          uniq_sigmund

Skill      XL: |  1  2 |
---------------+-------+-----
Conjurations   | 1 |  1.7
Dodging        | 2 |  2.0
Spellcasting   | 4 |  4.0
Stealth        | |  1.7
Summonings     | |  0.8
Translocations | |  0.8

Action                   || total
-------------------------++-------
Melee: Short sword       ||    61
       Unarmed           ||     1
Throw: Dart              ||    31
       Javelin           ||     6
 Cast: Magic Dart        ||    19
  Use: Potion            ||     5
       Scroll            ||     2
Armor: Robe              ||    15
       Skin              ||    24
Dodge: Dodged            ||    20

Table legend:
 A = Non-vault XP
 B = Vault XP
 C = Vault XP percentage of total XP
 D = Non-vault monster count
 E = Vault monster count
 F = Vault count percentage of total count
                 A         B        C        D         E       F
            +---------+---------+-------+---------+---------+-------
      Total |      35 |       0 |   0.0 |      23 |       0 |   0.0
            +---------+---------+-------+---------+---------+-------
        D:1 |      30 |       0 |   0.0 |      19 |       0 |   0.0
        D:2 |       5 |       0 |   0.0 |       4 |       0 |   0.0
            +---------+---------+-------+---------+---------+-------
